 Dungeon Crawl Stone Soup version 0.30-a0-394-g3e4acdb0ae (webtiles) character file.

Game seed: 7918695212740203260

261 Raultor the Changer (level 6, -3/41 HPs)
             Began as an Octopode Transmuter on Dec 6, 2022.
             Was an Initiate of the Shining One.
             Splashed by a jelly's acid (8 damage)
             ... on level 4 of the Dungeon.
             The game lasted 00:10:11 (2637 turns).

Raultor the Changer (Octopode Transmuter)           Turns: 2637, Time: 00:10:12

Health: -3/41      AC: -3    Str: 10    XL:     6   Next: 18%
Magic:  9/9        EV: 13    Int: 17    God:    the Shining One [......]
Gold:   173        SH:  5    Dex: 12    Spells: 4/9 levels left

rFire   . . .      SeeInvis .      - Unarmed
rCold   . . .      Faith    .    (no shield)
rNeg    . . .      Spirit   .    (helmet restricted)
rPois   .          Reflect  +    h - amulet of reflection
rElec   .          Harm     .    (no ring)
rCorr   .          Rampage  .    (no ring)
Will    .....                    (no ring)
Stlth   +.........               (no ring)
HPRegen 0.26/turn                (no ring)
MPRegen 0.11/turn                (no ring)
                                 (no ring)
                                 (no ring)

@: corroded, glowing
A: almost no armour, amphibious, 8 rings, camouflage 1, gelatinous body 1,
(nimble swimmer 1), tentacles
a: Renounce Religion


You were on level 4 of the Dungeon.
You worshipped the Shining One.
The Shining One was noncommittal.
You visited 2 branches of the dungeon, and saw 5 of its levels.

You collected 173 gold pieces.


Innate Abilities, Weirdness & Mutations

You cannot wear most types of armour.
You are amphibious.
You can wear up to eight rings at the same time.
Your skin changes colour to match your surroundings (Stealth+).
Your rubbery body absorbs attacks. (AC +1, EV +1)
((You are camouflaged when in or above water. (Stealth+)))
You have tentacles for arms and can constrict up to eight enemies at once.


   Skills:
 + Level 2.4 Fighting
 - Level 2.0 Dodging
 + Level 3.7 Unarmed Combat
 - Level 2.0 Spellcasting
 * Level 3.9 Transmutations
 * Level 3.2 Ice Magic


You had 4 spell levels left.
You knew the following spells:

 Your Spells              Type           Power      Damage    Failure   Level
b - Beastly Appendage     Tmut           30%        N/A       3%          1
e - Ensorcelled Hibernat  Hex/Ice        14%        N/A       16%         2
w - Wereblood             Tmut           15%        N/A       6%          2

Your spell library contained the following spells:

 Spells                   Type           Power      Damage    Failure   Level
 Passwall                 Tmut/Erth      6%         N/A       13%         2
 Spider Form              Tmut/Pois      8%         N/A       26%         3
 Ice Form                 Ice/Tmut       13%        N/A       41%         4
 Swiftness                Air            1%         N/A       50%         3
 Conjure Ball Lightning   Conj/Air       0%         3x3d6     100%        6
 Discord                  Hex            0%         N/A       100%        8
 Disjunction              Tloc           0%         N/A       100%        8

Inventory:

Jewellery
 h - an amulet of reflection (around mantle)
Wands
 i - a wand of flame (27)
Scrolls
 c - 2 scrolls of teleportation {unknown}
 f - 4 scrolls of identify {unknown}
 k - a scroll of summoning {unknown}
 l - a scroll of enchant weapon {unknown}
 m - a scroll of noise {unknown}
 n - a scroll of immolation {unknown}
Potions
 a - 3 potions of lignification
 b - a potion of cancellation {unknown}
 d - 2 potions of brilliance {unknown}
 e - a potion of magic {unknown}
 g - 2 potions of haste {unknown}
 j - 2 potions of invisibility {unknown}
 o - a potion of berserk rage {unknown}

Dungeon Overview and Level Annotations

Branches:
Dungeon (4/15)             Temple (1/1) D:4

Altars:
Ashenzari
Dithmenos
Fedhas
Makhleb
Okawaru
Qazlal
Sif Muna
Uskayaw
Vehumet
The Shining One

Shops:
D:1

( .#.#### #(#
#.8⌠.>.# .#..
#.###......#
.########.##..8⌠.###
.#..).....##+....#
.#.###.........###
.#.###.........#
.#.##..........#
.#....#############
.#..............@.#
.#..#############J#
...## ... >^## ##.#
### .# #


You could see a jelly.


Message History

You now have 173 gold pieces (gained 10).
You see here a +0 whip.
You howl as the wereblood boils in your veins!
Your primal bloodlust is almost over.
Things that are here:
a +0 dagger; a +0 robe You howl as the wereblood boils in your veins!
Your primal bloodlust has ended.
The jelly hits you but does no damage.
You tentacle-slap the jelly.
Your tentacles burn!
The jelly is lightly wounded.
The jelly hits you. The acid corrodes you!
You are splashed with acid!
You tentacle-slap the jelly but do no damage.
Your tentacles burn!
The jelly is lightly wounded.
You tentacle-slap the jelly.
Your tentacles burn!
* * * LOW HITPOINT WARNING * * *
You squeeze the jelly.
The jelly is heavily wounded.
The jelly hits you.
* * * LOW HITPOINT WARNING * * *
You are splashed with acid.
* * * LOW HITPOINT WARNING * * *
You tentacle-slap the jelly.
Your tentacles burn!
* * * LOW HITPOINT WARNING * * *
The jelly is severely wounded.
The jelly hits you.
* * * LOW HITPOINT WARNING * * *
You are splashed with acid!
You die...

Skill      XL: |  1  2  3  4  5 |
---------------+----------------+-----
Ice Magic      | 1 2 3 |  3.2
Transmutations | 3 |  3.9
Fighting       | 2 |  2.4
Dodging        | |  2.0
Unarmed Combat | |  3.7
Spellcasting   | |  2.0

Action                   |  1- 3 |  4- 6 || total
-------------------------+-------+-------++-------
Melee: Unarmed           |    80 |    79 ||   159
       Constrict         |    24 |    20 ||    44
       Tentacles         |    15 |    15 ||    30
       Kick              |     7 |    21 ||    28
       Punch             |     1 |     2 ||     3
 Cast: Beastly Appendage |     6 |    14 ||    20
       Wereblood         |     2 |     4 ||     6
       Ensorcelled Hiber |       |     2 ||     2
 Stab: Sleeping          |     8 |     6 ||    14
Armor: Skin              |     3 |     3 ||     6
Dodge: Dodged            |    45 |    29 ||    74
Block: Other             |       |    11 ||    11
       Reflection        |       |     2 ||     2

Levels and vault maps discovered:
D:1:      dpeg_arrival_rooms_c, layout_loops_ring, serial_shops,
          nicolae_shop_trees
D:2:      layout_basic
D:3:      layout_basic, ebering_ecumenical_altar_box, goddamned_bats,
          uniq_natasha
D:4:      layout_basic, minmay_temple_entry_drinking_statues,
          minmay_close_crescents
Temple:   zaba_magenta_temple

Notes
Turn   | Place    | Note
-------+----------+-------------------------------------------
     0 | D:1      | Raultor the Octopode Transmuter began the quest for the
                  | Orb.
     0 | D:1      | Reached XP level 1. HP: 13/13 MP: 3/3
   114 | D:1      | Reached XP level 2. HP: 18/18 MP: 5/5
   122 | D:1      | Learned a level 2 spell: Wereblood
   180 | D:1      | Reached skill level 1 in Ice Magic
   533 | D:1      | Reached XP level 3. HP: 21/23 MP: 2/6
   753 | D:1      | Found Kuontem's Weapon Boutique.
   886 | D:2      | Identified the +0 helmet of Minor Irritation {+Blink rC+}
  1259 | D:3      | Reached XP level 4. HP: 23/28 MP: 5/7
  1313 | D:3      | Reached skill level 3 in Transmutations
  1313 | D:3      | Reached skill level 2 in Ice Magic
  1392 | D:3      | Found a faded altar of an unknown god.
  1872 | D:3      | Learned a level 2 spell: Ensorcelled Hibernation
  1889 | D:3      | Reached skill level 2 in Fighting
  1889 | D:3      | Reached XP level 5. HP: 29/34 MP: 5/8
  2200 | D:4      | Found a staircase to the Ecumenical Temple.
  2215 | Temple   | Entered the Ecumenical Temple
  2304 | Temple   | Became a worshipper of the Shining One
  2502 | D:4      | Reached skill level 3 in Ice Magic
  2566 | D:4      | Reached XP level 6. HP: 40/40 MP: 7/9
  2637 | D:4      | Splashed by a jelly's acid

Vanquished Creatures
  2 hounds (D:4)
  3 orc wizards
  4 adders
  3 worms
  3 dart slugs
  6 orcs
  4 bats
  5 endoplasms
  A giant cockroach (D:2)
  8 goblins
  3 hobgoblins (D:1)
  7 jackals
  A quokka (D:1)
  9 ball pythons
  2 frilled lizards
  5 kobolds
  4 rats (D:1)
70 creatures vanquished.

Table legend: (Time is in decaauts)
 A = Elapsed time spent in this place.
 B = Non-inter-level travel time spent in this place.
 C = Inter-level travel time spent in this place.
 D = Time resting spent in this place.
 E = Time spent auto-exploring this place.
 F = Levels seen in this place.
 G = Mean time per level.
                   A        B        C        D        E       F      G
               +--------+--------+--------+--------+--------+-----+--------+
         Total |   2628 |   2438 |    190 |      0 |   1797 |   5 |  525.6 |
       Dungeon |   2521 |   2347 |    174 |      0 |   1747 |   4 |  630.2 |
        Temple |    106 |     90 |     16 |      0 |     50 |   1 |  106.0 |
               +--------+--------+--------+--------+--------+-----+--------+

Top non-repeatable levels by time:
     D:2: 870 daAuts
     D:1: 772 daAuts
     D:4: 449 daAuts
     D:3: 429 daAuts
  Temple: 106 daAuts

Table legend:
 A = Non-vault XP
 B = Vault XP
 C = Vault XP percentage of total XP
 D = Non-vault monster count
 E = Vault monster count
 F = Vault count percentage of total count
                 A         B        C        D         E       F
            +---------+---------+-------+---------+---------+-------
      Total |     327 |      46 |  12.3 |      67 |       3 |   4.3
            +---------+---------+-------+---------+---------+-------
        D:1 |      47 |       0 |   0.0 |      28 |       0 |   0.0
        D:2 |      41 |       0 |   0.0 |      13 |       0 |   0.0
        D:3 |     103 |       0 |   0.0 |      10 |       0 |   0.0
        D:4 |     136 |      46 |  25.3 |      16 |       3 |  15.8
            +---------+---------+-------+---------+---------+-------
